 Dungeon Crawl Stone Soup version 0.31-a0-1074-g0b22e4e0f1 (webtiles) character file.

Game seed: 14620071788824615376

19331 grandjackal the Thaumaturge (level 12, -2/80 HPs)
             Began as a Deep Elf Conjurer on Dec 3, 2023.
             Was a High Priest of Sif Muna.
             Slain by an orange demon (11 damage)
             ... led by Amaemon
             ... on level 11 of the Dungeon.
             The game lasted 00:36:16 (14974 turns).

grandjackal the Thaumaturge (Deep Elf Conjurer)    Turns: 14974, Time: 00:36:17

Health: -2/80      AC: 13    Str:  4    XL:     12   Next: 35%
Magic:  6/31       EV: 11    Int: 36    God:    Sif Muna [*****.]
Gold:   551        SH:  0    Dex: 13    Spells: 15/37 levels left

rFire   . . .        t - +3 short sword (venom)
rCold   . . .        (no shield)
rNeg    . . .        N - +0 leather armour "Koebber" {Rampage Int+7}
rPois   .            R - +2 helmet
rElec   .            (no cloak)
rCorr   .            (no gloves)
SInv    .            D - +2 pair of boots
Will    ++...        (no amulet)
Stlth   ++           C - +4 ring of protection
HPRegen 0.33/turn    f - ring of willpower
MPRegen 0.22/turn

%: rampage
@: lethally poisoned (-2 -> -8), slightly contaminated, slowed, very slow
A: no striking features
a: Renounce Religion, Channel Magic, Forget Spell, Divine Exegesis


You were on level 11 of the Dungeon.
You worshipped Sif Muna.
Sif Muna was extremely pleased with you.
You visited 2 branches of the dungeon, and saw 12 of its levels.
You also visited: Ossuary and Bailey.

You collected 615 gold pieces.
You spent 64 gold pieces at shops.

Inventory:

Hand Weapons
 t - a +3 short sword of venom (weapon)
Missiles
 i - 2 throwing nets
Armour
 A - a +2 robe of fire resistance
 D - a +2 pair of boots (worn)
 K - the +10 plate armour of Music {rN+ rCorr Int+4}
   (You took it off an orc on level 9 of the Dungeon)

   Int+4:     It affects your intelligence (+4).
   rN+:       It protects you from negative energy.
   rCorr:     It protects you from acid and corrosion.
 L - a +2 robe of cold resistance
 N - the +0 leather armour "Koebber" (worn) {Rampage Int+7}
   (You took it off an orc wizard on level 9 of the Dungeon)

   Int+7:     It affects your intelligence (+7).
   Rampage:   It bestows one free step when moving towards enemies.
 R - a +2 helmet (worn)
Magical Staves
 J - a staff of death
Jewellery
 d - a ring of positive energy
 f - a ring of willpower (right hand)
 C - a +4 ring of protection (left hand)
Wands
 n - a wand of acid (8)
 p - a wand of iceblast (7)
 H - a wand of paralysis (6)
 S - a wand of polymorph (3)
Scrolls
 c - 2 scrolls of poison
 g - 5 scrolls of teleportation
 h - 8 scrolls of vulnerability
 j - 3 scrolls of amnesia
 k - 2 scrolls of enchant weapon
 l - 7 scrolls of fear
 q - 2 scrolls of torment
 r - a scroll of enchant armour
 v - 3 scrolls of blinking
 w - 3 scrolls of fog
 y - a scroll of immolation {unknown}
 E - a scroll of brand weapon {unknown}
 F - a scroll of revelation {unknown}
 I - a scroll of acquirement {unknown}
 Q - a scroll of noise {unknown}
Potions
 a - a potion of mutation {unknown}
 b - a potion of magic
 e - 2 potions of attraction
 m - 3 potions of brilliance
 o - 4 potions of heal wounds
 s - 4 potions of resistance
 u - 5 potions of invisibility
 x - 2 potions of lignification {unknown}
 z - 2 potions of might {unknown}
 B - 2 potions of cancellation
 G - 2 potions of curing
 O - a potion of berserk rage {unknown}
 P - a potion of enlightenment {unknown}
Miscellaneous
 M - a lightning rod (4/4)


   Skills:
 - Level 11.5 Fighting
 - Level 2.4 Dodging
 - Level 2.4 Stealth
 + Level 13.0 Spellcasting
 - Level 10.0 Conjurations
 - Level 4.1 Hexes
 + Level 1.6 Summonings
 + Level 2.9 Necromancy
 + Level 7.4 Translocations
 + Level 8.5 Transmutations
 - Level 7.6 Invocations


You had 15 spell levels left.
You knew the following spells:

 Your Spells              Type           Power      Damage    Failure   Level
a - Magic Dart            Conj           100%       1d8       1%          1
b - Searing Ray           Conj           100%       2d8       1%          2
c - Dazzling Flash        Conj/Hex       100%       N/A       1%          3
d - Fulminant Prism       Conj/Hex       32%        3d16      1%          4
e - Irradiate             Conj/Tmut      37%        3d24      1%          5
f - Iskenderun's Mystic   Conj/Tloc      72%        2d15      1%          4
g - Summon Guardian Gole  Hex/Summ       44%        N/A       2%          3

Your spell library contained the following spells:

 Spells                   Type           Power      Damage    Failure   Level
 Sting                    Tmut/Pois      100%       1d8       1%          1
 Summon Small Mammal      Summ           100%       N/A       1%          1
 Static Discharge         Conj/Air       100%       3-8/arc   1%          2
 Wereblood                Tmut           71%        N/A       1%          2
 Call Canine Familiar     Summ           35%        N/A       4%          3
 Summon Lightning Spire   Summ/Air       29%        N/A       22%         4
 Airstrike                Air            11%        2d(2-18)  30%         4
 Dragon's Call            Summ           17%        N/A       100%        9


Dungeon Overview and Level Annotations

Branches:
Dungeon (11/15)            Temple (1/1) D:6            Lair (0/5) D:9
    Orc (0/2) D:9         Ossuary (visited)          Bailey (visited)

Altars:
Ashenzari
Cheibriados
Dithmenos
Elyvilon
Fedhas
Gozag
Hepliaklqana
Kikubaaqudgha
Makhleb
Nemelex Xobeh
Okawaru
Qazlal
Ru
Sif Muna
Trog
Uskayaw
Vehumet
Wu Jian
Xom
Yredelemnul
Zin
The Shining One

Shops:
D:6 *

Annotations:
D:7 2 transporters, Firecrotchwizard's ghost, novice VSSh


Message History

Amaemon completely misses you. The orange demon misses you.
The searing ray hits Amaemon.
You kill Amaemon!
Sif Muna accepts your kill.
The searing ray hits the orange demon.
The orange demon is moderately wounded.
You feel very sick. The orange demon stings you from afar.
You are more poisoned.
You have difficulty breathing.
You feel yourself slow down.
Your Spellcasting skill increases to level 13!
The searing ray hits the orange demon!
The orange demon is heavily wounded.
You feel extremely sick. The orange demon stings you from afar.
Unknown command.
The searing ray hits the orange demon!
The orange demon is severely wounded.
You finish channelling your searing ray.
You feel extremely sick.
The orange demon stings you from afar! x2
* * * LOW HITPOINT WARNING * * *
Unknown command.
Casting: Searing Ray (safe; 1% risk of failure)
Confirm with . or Enter, or press ? or * to list all spells.
Aiming: Searing Ray (safe; 1% risk of failure)
Press: ? - help, Shift-Dir - straight line, f/p - orange demon
Aim: an orange demon (severely wounded, concentrated venom, 90% to hit)
The searing ray hits the orange demon!
The orange demon is severely wounded. (Press . to maintain the ray.)
* * * LOW HITPOINT WARNING * * *
You feel very sick.
The orange demon stings you but does no damage.
The searing ray hits the orange demon.
The orange demon is almost dead.
* * * LOW HITPOINT WARNING * * *
You feel very sick. The orange demon stings you from afar!
You die...

.########.# ## #.# #
#.# #.# #.# #.#
#####.##########.###
#.........##.)4....#
#.##......##@# #
#...##..##.###....
+....................
##.#...#...##.##.#...
#.........##.# #
####.##>.###..
#.....# #### ####.##
#.


You could see an orange demon (curare).

Vanquished Creatures
  An orc warlord (Bailey)
  A hydra (D:9)
  2 two-headed ogres
  Amaemon (D:11)
  A skeletal warrior (D:9)
  Pikel (D:9)
  A cyclops (D:9)
  An orc knight (Bailey)
  A gargoyle (D:10)
  A kobold demonologist (D:9)
  2 trolls
  A meliai (D:9)
  Grinder (D:3)
  Sigmund (D:6)
  A vampire (D:9)
  4 wyverns
  Grum (D:10)
  5 yaks
  3 steam dragons
  3 acid dragons
  4 water moccasins
  3 ice beasts
  A sky beast (D:8)
  7 orc warriors
  6 black bears
  2 ogres (D:4)
  2 wolves
  2 centaurs
  3 kobold brigands
  3 phantoms
  7 bullfrogs
  2 gnoll sergeants
  6 scorpions
  15 wights
  3 killer bees (D:10)
  6 howler monkeys
  A gnoll bouda (D:6)
  3 hounds
  4 orc priests
  3 jellies
  2 bullfrog skeletons (D:8)
  3 sleepcaps
  Ijyb (D:3)
  2 iguanas
  11 orc wizards
  A mummy (Ossuary)
  Robin (D:3)
  8 adders
  21 gnolls
  4 howler monkey skeletons (D:8)
  4 worms
  3 dart slugs
  30 orcs
  5 spectral bats (Ossuary)
  5 endoplasms
  3 giant cockroaches
  12 gnoll zombies (Ossuary)
  8 hobgoblins
  9 jackals
  5 quokkas
  7 ball pythons
  4 bats
  6 frilled lizards
  26 goblins
  5 goblin simulacra (Ossuary)
  4 goblin zombies (Ossuary)
  4 hobgoblin zombies (Ossuary)
  37 kobolds
  3 kobold simulacra (Ossuary)
  4 kobold zombies (Ossuary)
  6 orc zombies (Ossuary)
  4 rats
  A rat simulacrum (Ossuary)
  2 spectral goblins (Ossuary)
  2 spectral kobolds (Ossuary)
  5 spectral rats (Ossuary)
374 creatures vanquished.

Vanquished Creatures (others)
  16 fulminant prisms
16 creatures vanquished.

Grand Total: 390 creatures vanquished

Notes
Turn   | Place    | Note
-------+----------+-------------------------------------------
     0 | D:1      | grandjackal the Deep Elf Conjurer began the quest for the
                  | Orb.
     0 | D:1      | Reached XP level 1. HP: 10/10 MP: 6/6
   211 | D:1      | Reached XP level 2. HP: 16/16 MP: 5/8
   482 | D:1      | Reached skill level 1 in Fighting
   497 | D:1      | Learned a level 2 spell: Searing Ray
   687 | D:1      | You fall into a shaft and drop 1 floor!
   767 | D:2      | Reached XP level 3. HP: 20/20 MP: 3/10
  1261 | D:1      | Reached skill level 4 in Spellcasting
  1460 | D:1      | Learned a level 3 spell: Dazzling Flash
  1568 | D:2      | Reached skill level 5 in Conjurations
  1733 | D:2      | Reached skill level 1 in Hexes
  1736 | D:2      | Reached XP level 4. HP: 25/25 MP: 3/12
  2096 | D:2      | Learned a level 4 spell: Fulminant Prism
  2145 | D:3      | Noticed Grinder
  2237 | D:3      | Killed Grinder
  2237 | D:3      | Noticed Robin
  2238 | D:3      | Reached skill level 5 in Spellcasting
  2238 | D:3      | Reached XP level 5. HP: 25/29 MP: 1/15
  2238 | D:3      | Reached XP level 6. HP: 29/34 MP: 1/16
  2349 | D:3      | Killed Robin
  2899 | D:3      | Learned a level 5 spell: Irradiate
  2933 | D:3      | Noticed Ijyb
  2945 | D:3      | Killed Ijyb
  3238 | D:4      | Reached skill level 6 in Spellcasting
  3437 | D:4      | Reached skill level 1 in Transmutations
  3437 | D:4      | Reached XP level 7. HP: 38/38 MP: 11/18
  3649 | D:4      | Reached skill level 7 in Spellcasting
  3709 | D:4      | Found a hazy altar of Hepliaklqana.
  3836 | D:4      | Found a broken altar of Ashenzari.
  4787 | D:5      | Entered Level 5 of the Dungeon
  4787 | D:5      | Noticed a wyvern
  4791 | D:5      | Killed a wyvern
  4792 | D:5      | Reached XP level 8. HP: 43/43 MP: 11/21
  4796 | D:5      | Reached skill level 8 in Spellcasting
  5233 | D:5      | Reached skill level 5 in Transmutations
  6049 | D:6      | Reached skill level 9 in Spellcasting
  6178 | D:6      | Found a staircase to the Ecumenical Temple.
  6297 | Temple   | Entered the Ecumenical Temple
  6306 | Temple   | Became a worshipper of Sif Muna the Loreminder
  6419 | D:6      | Reached XP level 9. HP: 48/49 MP: 15/24
  6569 | D:6      | Noticed Sigmund
  6576 | D:6      | Killed Sigmund
  6969 | D:6      | Found Fomol's Assorted Antiques.
  6977 | D:6      | Bought a scroll labelled XEUPSAUJONN for 34 gold pieces
  6977 | D:6      | Bought a glowing brown potion for 30 gold pieces
  7187 | D:6      | Learned a level 4 spell: Iskenderun's Mystic Blast
  7261 | D:7      | Reached * piety under Sif Muna
  7262 | D:7      | Reached skill level 1 in Translocations
  7440 | D:7      | Found a flagged portal.
  7523 | D:7      | Reached skill level 10 in Spellcasting
  7568 | Bailey   | Entered a bailey
  7573 | Bailey   | Noticed an orc warlord
  7667 | Bailey   | Noticed an orc knight
  7682 | Bailey   | Killed an orc knight
  7683 | Bailey   | Reached skill level 5 in Fighting
  7731 | Bailey   | HP: 2/54 [orc warrior/+0 broad axe (20)]
  7932 | Bailey   | Found a runed translucent gate.
  7934 | Bailey   | Found a runed translucent gate.
  7935 | Bailey   | Found a runed translucent gate.
  7964 | Bailey   | Reached ** piety under Sif Muna
  8089 | Bailey   | Killed an orc warlord
  8090 | Bailey   | Reached XP level 10. HP: 24/60 MP: 0/26
  8104 | Bailey   | Reached skill level 10 in Fighting
  8104 | Bailey   | Reached XP level 11. HP: 34/72 MP: 3/27
  8106 | Bailey   | Got the Codex of Productive Virulence
  8260 | D:7      | Reached skill level 11 in Spellcasting
  8292 | D:7      | Reached skill level 10 in Conjurations
  8476 | D:7      | Found a shimmering altar of Xom.
  8589 | D:7      | Found a bloodstained altar of Trog.
  8589 | D:7      | Found a radiant altar of Vehumet.
  8589 | D:7      | Found an iron altar of Okawaru.
  8589 | D:7      | Found a snail-covered altar of Cheibriados.
  8595 | D:7      | Found a hide-covered altar of Uskayaw.
  8595 | D:7      | Found a stormy altar of Qazlal.
  8730 | D:7      | Found a glowing golden altar of the Shining One.
  8812 | D:7      | Noticed Firecrotchwizard's ghost (novice VSSh)
  8824 | D:7      | Found a transporter.
  8860 | D:7      | Found a transporter.
  9335 | D:8      | Found a sand-covered staircase.
  9377 | Ossuary  | Entered an ossuary
  9562 | Ossuary  | Reached *** piety under Sif Muna
 10336 | D:8      | Found an ancient bone altar of Kikubaaqudgha.
 10368 | D:8      | Reached **** piety under Sif Muna
 10700 | D:8      | Found a sparkling altar of Nemelex Xobeh.
 10700 | D:8      | Found a burning altar of Makhleb.
 11009 | D:8      | Reached skill level 5 in Translocations
 11489 | D:9      | Noticed a skeletal warrior
 11490 | D:9      | Noticed a centaur warrior
 11497 | D:9      | Killed a skeletal warrior
 11500 | D:9      | Found a staircase to the Lair.
 11846 | D:9      | Noticed Pikel
 11857 | D:9      | Killed Pikel
 11935 | D:9      | Found a staircase to the Orcish Mines.
 11945 | D:9      | Reached skill level 12 in Spellcasting
 11953 | D:9      | Reached ***** piety under Sif Muna
 12479 | D:9      | Identified the +0 leather armour "Koebber" {Rampage Int+7}
 12483 | D:9      | Noticed a two-headed ogre
 12497 | D:9      | Killed a two-headed ogre
 12624 | D:9      | Found a shadowy altar of Dithmenos.
 12707 | D:9      | Identified the +10 plate armour of Music {rN+ rCorr Int+4}
 12926 | D:9      | Reached XP level 12. HP: 49/80 MP: 23/30
 13187 | D:9      | Noticed a six-headed hydra
 13199 | D:9      | Killed a six-headed hydra
 13532 | D:10     | Entered Level 10 of the Dungeon
 13533 | D:10     | Noticed Grum
 13682 | D:10     | Killed Grum
 13763 | D:10     | Reached skill level 1 in Necromancy
 14531 | D:11     | Learned a level 3 spell: Summon Guardian Golem
 14626 | D:11     | Noticed a two-headed ogre
 14638 | D:11     | Killed a two-headed ogre
 14710 | D:11     | Reached skill level 1 in Summonings
 14964 | D:11     | Noticed Amaemon
 14970 | D:11     | Killed Amaemon
 14971 | D:11     | Reached skill level 13 in Spellcasting
 14974 | D:11     | Slain by an orange demon

Illustrated notes

Levels and vault maps discovered:
D:1:      heliophobic_arrival_battle_scene, layout_basic,
          minmay_misc_feat_four_crosses
D:2:      layout_rooms
D:3:      layout_rooms, chequers_garden, minmay_quadrilaterals, uniq_grinder,
          uniq_robin, uniq_ijyb
D:4:      kennysheep_kobold_camp, layout_cave_pods, kennysheep_mini_moat,
          cheibrodos_ashenzari_chains, st_stairs_11, kennysheep_flooded_box
D:5:      layout_gridville, minmay_manual_monstrance
D:6:      layout_basic, minmay_temple_entry_large_hall, serial_shops,
          nicolae_shop_tiny_statue_garden, serial_glass, glass_columns_a,
          glass_columns_a, glass_columns_a, glass_columns_a, uniq_sigmund
D:7:      layout_basic, dk_xom_monty_hall, minmay_overflow_temple_hex,
          tso_metal_star, enter_bailey_5, gammafunk_ghost_hive
D:8:      layout_loops_corners, nicolae_overflow_crystal_walls,
          nicolae_overflow_two_pavilions,
          mainiacjoe_ossuary_entry_find_the_door,
          hangedman_abyss_or_decor_jellyfish_corner, st_stairs_13
D:9:      layout_stronghold, grunt_dithmenos_smoke_and_mirrors,
          due_lair_maze_entry_diamond, david_orc_2, minmay_the_grid_2x2
          [minmay_the_grid_rooms, minmay_the_grid_broken_lines,
          minmay_the_grid_spin_star, minmay_the_grid_prize_trominoes],
          uniq_pikel
D:10:     layout_loops_ring, chequers_mini_garden, uniq_grum
D:11:     layout_loops_corners, uniq_amaemon
Temple:   nicolae_temple_two_arcs

Skill      XL: |  1  2  3  4  5  6  7  8  9 10 11 12 |
---------------+-------------------------------------+-----
Fighting       | 1 2 5 10 11 | 11.5
Spellcasting   | 4 5 6 7 9 10 12 13 | 13.0
Conjurations   | 5 6 7 8 9 10 | 10.0
Hexes          | 1 3 4 |  4.1
Transmutations | 1 4 5 6 7 8 |  8.5
Translocations | 4 6 7 |  7.4
Invocations    | 7 |  7.6
Necromancy     | 2 |  2.9
Summonings     | 1 |  1.6
Dodging        | |  2.4
Stealth        | |  2.4

Action                     |  1- 3 |  4- 6 |  7- 9 | 10-12 || total
---------------------------+-------+-------+-------+-------++-------
  Melee: Unarmed           |       |     1 |       |       ||     1
         Short sword       |       |       |    37 |    52 ||    89
   Cast: Magic Dart        |    63 |    49 |   115 |    12 ||   239
         Searing Ray       |     4 |    22 |    50 |   114 ||   190
         Dazzling Flash    |       |     2 |       |     4 ||     6
         Fulminant Prism   |       |       |     3 |    13 ||    16
         Irradiate         |       |       |     8 |    16 ||    24
         Iskenderun's Myst |       |       |       |     2 ||     2
  Evoke: Wand              |       |       |     5 |     1 ||     6
    Use: Scroll            |       |     5 |    10 |     5 ||    20
         Potion            |       |       |       |     1 ||     1
   Stab: Sleeping          |       |       |       |     3 ||     3
 Armour: Robe              |     2 |    30 |    79 |   173 ||   284
         Leather armour    |       |       |       |    66 ||    66
  Dodge: Dodged            |     2 |    32 |    56 |   175 ||   265

Table legend: (Time is in decaauts)
 A = Elapsed time spent in this place.
 B = Non-inter-level travel time spent in this place.
 C = Inter-level travel time spent in this place.
 D = Time resting spent in this place.
 E = Time spent auto-exploring this place.
 F = Levels seen in this place.
 G = Mean time per level.
                   A        B        C        D        E       F      G
               +--------+--------+--------+--------+--------+-----+--------+
         Total |  14983 |  14629 |    354 |   5206 |   6641 |  14 | 1070.2 |
       Dungeon |  13537 |  13192 |    345 |   4396 |   6641 |  11 | 1230.6 |
        Temple |     18 |      9 |      9 |      0 |      0 |   1 |   18.0 |
       Ossuary |    771 |    771 |      0 |    429 |      0 |   1 |  771.0 |
        Bailey |    655 |    655 |      0 |    381 |      0 |   1 |  655.0 |
               +--------+--------+--------+--------+--------+-----+--------+

Top non-repeatable levels by time:
     D:9: 2009 daAuts
     D:8: 1773 daAuts
     D:4: 1570 daAuts
     D:1: 1394 daAuts
     D:7: 1234 daAuts
     D:6: 1165 daAuts
     D:5: 1132 daAuts
     D:2: 997 daAuts
     D:3: 952 daAuts
    D:10: 859 daAuts
 Ossuary: 771 daAuts
  Bailey: 655 daAuts
    D:11: 449 daAuts
  Temple: 18 daAuts
